 Seeded DCSS version 0.32-a0-42-ga30500b4d3 (webtiles) character file.

Game seed: 9872065412798756122 (custom seed)

6843 timneilson the Nimble (level 11, -1/72 (75) HPs)
             Began as an Octopode Shapeshifter on Jan 27, 2024.
             Was an Initiate of Gozag.
             Slain by a vampire mosquito (3 damage)
             ... on level 10 of the Dungeon.
             The game lasted 00:24:40 (10449 turns).

timneilson the Nimble (Octopode Shapeshifter)      Turns: 10449, Time: 00:24:41

HP:   -1/72 (75)    AC:  1    Str: 23    XL:     11   Next: 6%
MP:   13/13         EV: 20    Int: 18    God:    Gozag
Gold: 661           SH:  5    Dex: 12    Spells: 6/13 levels left

rFire   . .          .
                       - Unarmed
rCold   . . .        (shield currently unavailable)
rNeg    . . .        (helmet restricted)
rPois   +            G - amulet of reflection
rElec   .            w - ring of wizardry
rCorr   .            D - ring of Casuq {Str+6 Int+5}
SInv    +            E - ring of see invisible
Will    +....        H - ring of Beogh's Regard {rPois Will+}
Stlth   ++           (no ring)
HPRegen 0.32/turn    (no ring)
MPRegen 0.13/turn    (no ring)
                     (no ring)

%: reflection, wizardry (x1)
@: flux-form, marked, gold aura, glowing, studying 2 skills, lightly drained
A: glow, contaminating, almost no armour, amphibious, 8 rings, camouflage 1,
gelatinous body 1, (nimble swimmer 1), tentacles
a: Begin Untransformation, Renounce Religion, Potion Petition, Call Merchant,
Bribe Branch


You were on level 10 of the Dungeon.
You worshipped Gozag.
Gozag was pleased with you.
You were something dangerously unstable.
You visited 2 branches of the dungeon, and saw 11 of its levels.

You collected 1741 gold pieces.
You spent 1040 gold pieces at shops.
You paid 40 gold pieces to Gozag.

Inventory:

Missiles
 d - 28 poisoned darts
 v - 4 curare-tipped darts (quivered)
 F - 4 throwing nets
Armour
 t - a +2 hat of stealth
 x - the +0 hat of Awe {+Blink Regen+ Str+6 Int-3}
   (You acquired it on level 6 of the Dungeon)

   Str+6:     It affects your strength (+6).
   Int-3:     It affects your intelligence (-3).
   +Blink:    It lets you blink.
   Regen+:    It increases your rate of health regeneration.
Jewellery
 w - a ring of wizardry (left tentacle)
 D - the ring of Casuq (right tentacle) {Str+6 Int+5}
   (You found it on level 7 of the Dungeon)

   [ring of strength]

   Str+6:     It affects your strength (+6).
   Int+5:     It affects your intelligence (+5).
 E - a ring of see invisible (on tentacle)
 G - an amulet of reflection (around mantle)
 H - the ring of Beogh's Regard (on tentacle) {rPois Will+}
   (You bought it in a shop on level 8 of the Dungeon)

   [ring of willpower]

   rPois:     It protects you from poison Will+: It increases your willpower.
Talismans
 c - a flux talisman (active)
 p - a talisman of death
Wands
 y - a wand of iceblast (9)
 z - a wand of paralysis (7)
 I - a wand of flame (10)
Scrolls
 f - 3 scrolls of revelation
 h - a scroll of fear
 j - 2 scrolls of brand weapon
 l - 2 scrolls of poison
 r - a scroll of fog
 s - 5 scrolls of teleportation
 u - 2 scrolls of amnesia
 A - a scroll of blinking
 B - a scroll of vulnerability {unknown}
 C - a scroll of silence {unknown}
 J - a scroll of immolation {unknown}
 L - a scroll of identify
Potions
 a - a potion of lignification
 e - 3 potions of magic {unknown}
 g - 2 potions of curing
 i - 2 potions of enlightenment
 k - 3 potions of mutation
 m - a potion of might {unknown}
 n - 2 potions of heal wounds
 o - a potion of brilliance
 q - 3 potions of invisibility
 K - a potion of attraction {unknown}
 M - a potion of degeneration {unknown}


   Skills:
 * Level 7.5 Fighting
 * Level 9.6 Dodging
 + Level 7.6 Stealth
 * Level 8.1 Unarmed Combat
 + Level 1.8 Spellcasting
 + Level 1.3 Translocations
 + Level 1.3 Air Magic
 + Level 3.8 Evocations
 * Level 7.5 Shapeshifting


You had 6 spell levels left.
You knew the following spells:

 Your Spells              Type           Power      Damage    Failure   Level
a - Blink                 Tloc           12%        N/A       6%          2
b - Lesser Beckoning      Tloc           12%        N/A       6%          2
c - Swiftness             Air            6%         N/A       13%         3

Your spell library contained the following spells:

 Spells                   Type           Power      Damage    Failure   Level
 Momentum Strike          Conj/Tloc      8%         3d8       9%          2
 Call Imp                 Summ           2%         N/A       12%         2
 Ensorcelled Hibernation  Hex/Ice        2%         N/A       12%         2
 Sublimation of Blood     Necr           1%         N/A       12%         2
 Passwall                 Erth           1%         N/A       22%         3
 Summon Hydra             Summ           0%         N/A       100%        7


Dungeon Overview and Level Annotations

Branches:
Dungeon (10/15)            Temple (1/1) D:5            Lair (0/5) D:9
    Orc: D:9-12

Altars:
Ashenzari
Cheibriados
Dithmenos
Elyvilon
Fedhas
Gozag
Hepliaklqana
Kikubaaqudgha
Makhleb
Nemelex Xobeh
Okawaru
Qazlal
Ru
Sif Muna
Trog
Uskayaw
Vehumet
Wu Jian
Xom
Yredelemnul
Zin
The Shining One

Shops:
D:1 :   D:8 =   D:9 *

Annotations:
D:10 1 runed translucent door, pokeman's ghost, novice DEHW
Temple 2 transporters


Innate Abilities, Weirdness & Mutations

You are something dangerously unstable.
You glow with magical radiation, making you easy to see and hit.
Foes you strike become dangerously contaminated with magical radiation.
You are incapable of wielding weapons or throwing items.
You cannot wear most types of armour.
You are amphibious.
You can wear up to eight rings at the same time.
Your skin changes colour to match your surroundings (Stealth+).
Your rubbery body absorbs attacks. (AC +1, EV +1)
((You are camouflaged when in or above water. (Stealth+)))
You have tentacles for arms and can constrict up to eight enemies at once.


Message History

A vampire mosquito comes into view.
You tentacle-slap the wight.
The wight shudders as magic cascades through it!!
You destroy the wight!
Things that are here:
5 gold pieces; a +4 dagger; a +0 robe A vampire mosquito comes into view.
The vampire mosquito closely misses you.
The vampire mosquito bites you!
The vampire mosquito draws strength from your injuries!
An acid dragon comes into view.
The vampire mosquito bites you.
The vampire mosquito draws strength from your injuries!
The vampire mosquito completely misses you.
The vampire mosquito is distracted by your dazzling golden aura.
The vampire mosquito bites you!
* * * LOW HITPOINT WARNING * * *
The vampire mosquito draws strength from your injuries!
The vampire mosquito buzzes angrily.
You tentacle-slap the vampire mosquito.
The vampire mosquito begins to glow.
You grab the vampire mosquito. You squeeze the vampire mosquito.
The vampire mosquito is lightly damaged.
You constrict the vampire mosquito.
The vampire mosquito is no longer distracted by gold.
The vampire mosquito barely misses you.
You tentacle-slap the vampire mosquito.
The vampire mosquito glows dangerously bright.
The vampire mosquito is moderately damaged.
You constrict the vampire mosquito.
The vampire mosquito completely misses you.
The vampire mosquito bites you!
* * * LOW HITPOINT WARNING * * *
The vampire mosquito draws strength from your injuries!
The vampire mosquito barely misses you.
You tentacle-slap the vampire mosquito.
The vampire mosquito shudders as magic cascades through it!!
You destroy the vampire mosquito!
The vampire mosquito bites you.
You die...
Your body crumbles into a pile of gold.

####..........#.....###......#
........####+##........#
........................
...............
############............
...........#............
...........#............
...........#............
.......py..#######....##
........$........#....#
.................#....#
.................#....#
............D$...#....#
##...............#....#
#...........$...#..###
+..##'########'##..# ..#..
........%...#


You could see an acid dragon and a vampire mosquito.

Vanquished Creatures
  A deep elf pyromancer (D:7)
  The ghost of whatisthis the Trooper, a novice DsBr (D:4)
  2 unseen horrors (D:10)
  Sigmund (D:3)
  A wyvern (D:9)
  5 yaks (D:10)
  A steam dragon (D:7)
  A vampire mosquito (D:10)
  The ghost of Azoth the Shooter, an amateur DEHu (D:3)
  2 water moccasins (D:7)
  2 orc warriors
  3 ice beasts
  2 ogres
  3 black bears
  A sky beast (D:6)
  6 centaurs
  2 kobold brigands
  Blork the orc (D:4)
  4 bullfrogs
  A gnoll sergeant (D:9)
  2 scorpions
  6 wights
  8 killer bees
  5 howler monkeys (D:9)
  2 bombardier beetles
  7 hounds
  A gnoll bouda (D:9)
  4 orc priests
  4 jellies
  3 sleepcaps
  6 iguanas
  An orc wizard (D:9)
  2 hound zombies (D:5)
  16 gnolls
  7 adders
  A white imp (D:6)
  2 ufetubi (D:6)
  A dart slug (D:4)
  3 ribbon worms
  18 orcs
  A bat (D:1)
  9 endoplasms
  2 giant cockroaches
  6 goblins
  10 hobgoblins
  2 jackals (D:9)
  A quokka (D:4)
  2 ball pythons
  2 frilled lizards (D:1)
  18 kobolds
  4 rats
197 creatures vanquished.

Vanquished Creatures (others)
  A sky beast (D:7)
1 creature vanquished.

Grand Total: 198 creatures vanquished

Notes
Turn   | Place    | Note
-------+----------+-------------------------------------------
     0 | D:1      | timneilson the Octopode Shapeshifter began the quest for
                  | the Orb.
     0 | D:1      | Reached XP level 1. HP: 13/13 MP: 1/1
   255 | D:1      | Reached XP level 2. HP: 15/18 MP: 2/2
   829 | D:1      | Found Logiotz's Book Emporium.
   997 | D:2      | Reached skill level 1 in Stealth
  1143 | D:2      | Reached XP level 3. HP: 23/23 MP: 3/3
  1483 | D:2      | Found a faded altar of an unknown god.
  1875 | D:3      | Found a sparkling altar of Nemelex Xobeh.
  1876 | D:3      | Found an opulent altar of Gozag.
  1881 | D:3      | Became a worshipper of Gozag Ym Sagoz the Greedy
  1895 | D:3      | Found a runed translucent gate.
  1895 | D:3      | Found a runed translucent gate.
  1895 | D:3      | Found a runed translucent gate.
  1895 | D:3      | Noticed Azoth's ghost (amateur DEHu)
  1896 | D:3      | Identified the +2 leather armour of Nubi {rElec Regen+}
  2031 | D:3      | Found a shadowy altar of Dithmenos.
  2033 | D:3      | Found a shimmering altar of Xom.
  2203 | D:3      | Noticed a kobold brigand
  2212 | D:3      | Noticed Sigmund
  2225 | D:3      | Killed Sigmund
  2226 | D:3      | Reached skill level 3 in Dodging
  2226 | D:3      | Reached XP level 4. HP: 30/30 MP: 4/4
  2226 | D:3      | Reached XP level 5. HP: 35/35 MP: 5/5
  2302 | D:3      | Reached XP level 6. HP: 41/41 MP: 6/6
  2663 | D:4      | Noticed a black bear
  2671 | D:4      | Killed a black bear
  2933 | D:4      | Found a snail-covered altar of Cheibriados.
  3082 | D:4      | Found a runed translucent door.
  3104 | D:4      | Found a runed translucent door.
  3105 | D:4      | Noticed whatisthis's ghost (novice DsBr)
  3356 | D:4      | Reached XP level 7. HP: 41/46 MP: 5/7
  3548 | D:4      | Reached skill level 4 in Dodging
  3667 | D:4      | Noticed Blork the orc
  3672 | D:4      | Killed Blork the orc
  3747 | D:4      | Reached skill level 5 in Unarmed Combat
  4008 | D:5      | Entered Level 5 of the Dungeon
  4059 | D:5      | Reached XP level 8. HP: 48/54 MP: 8/8
  4200 | D:5      | Found a staircase to the Ecumenical Temple.
  4215 | D:5      | Identified a scroll of acquirement
  4215 | D:5      | Acquired a +2 hat of stealth
  4234 | D:5      | Reached skill level 5 in Shapeshifting
  4535 | D:5      | Reached skill level 5 in Dodging
  4627 | D:5      | Found a hide-covered altar of Uskayaw.
  4724 | D:5      | Found a basalt altar of Yredelemnul.
  4776 | Temple   | Found a transporter.
  4776 | Temple   | Found a transporter.
  4776 | Temple   | Found a transporter.
  4776 | Temple   | Found a transporter.
  4776 | Temple   | Entered the Ecumenical Temple
  4829 | D:6      | HP: 2/54 [poisoned by a scorpion]
  5154 | D:6      | Reached skill level 5 in Stealth
  5169 | D:6      | Acquired a manual of Spellcasting
  5171 | D:6      | Acquired the +0 hat of Awe {+Blink Regen+ Str+6 Int-3}
  5173 | D:6      | Acquired a manual of Dodging
  5193 | D:6      | Reached skill level 5 in Fighting
  5431 | D:6      | Reached XP level 9. HP: 42/61 MP: 5/9
  5594 | D:6      | Reached skill level 6 in Dodging
  5594 | D:6      | Reached skill level 1 in Evocations
  6439 | D:7      | Found an ornate altar of the Wu Jian Council.
  6866 | D:7      | Noticed a deep elf pyromancer
  6906 | D:7      | Reached skill level 7 in Dodging
  6923 | D:7      | Killed a deep elf pyromancer
  6924 | D:7      | Reached XP level 10. HP: 38/68 MP: 4/10
  7088 | D:7      | Identified the ring of Casuq {Str+6 Int+5}
  7420 | D:8      | Found Udeps's Jewellery Shoppe.
  7426 | D:8      | Bought an amulet of reflection for 390 gold pieces
  7426 | D:8      | Bought the ring of Beogh's Regard {rPois Will+} for 470
                  | gold pieces
  7449 | D:8      | Reached skill level 8 in Dodging
  7543 | D:8      | Found a bloodstained altar of Trog.
  8466 | D:9      | Found Xajeloir's Assorted Antiques.
  8588 | D:9      | Found a staircase to the Lair.
  9190 | D:10     | Entered Level 10 of the Dungeon
  9190 | D:10     | Found a runed translucent door.
  9641 | D:1      | Bought a book of Spatial Translocations for 180 gold pieces
  9644 | D:1      | Learned a level 2 spell: Blink
  9647 | D:1      | Learned a level 2 spell: Lesser Beckoning
  9651 | D:1      | Learned a level 3 spell: Swiftness
  9779 | D:3      | Killed Azoth's ghost
  9881 | D:4      | Killed whatisthis's ghost
  9882 | D:4      | Reached skill level 9 in Dodging
 10049 | D:10     | Noticed pokeman's ghost (novice DEHW)
 10052 | D:10     | Noticed an unseen horror
 10066 | D:10     | Killed an unseen horror
 10124 | D:10     | Noticed an unseen horror
 10133 | D:10     | Killed an unseen horror
 10134 | D:10     | Reached skill level 1 in Spellcasting
 10244 | D:10     | Reached skill level 1 in Translocations
 10244 | D:10     | Reached skill level 1 in Air Magic
 10249 | D:10     | Reached XP level 11. HP: 35/75 MP: 11/13
 10448 | D:10     | HP: 2/72 [vampire mosquito (12)]
 10449 | D:10     | Slain by a vampire mosquito

Illustrated notes

Levels and vault maps discovered:
D:1:      dpeg_arrival_stone_temple_mockup, layout_loops_corners, serial_shops,
          shop, minmay_split_cup_large
D:2:      layout_basic, chequers_ecumenical_altar_grove, chequers_jeans
D:3:      cheibrodos_thug_alley, layout_rooms, grunt_temple_overflow_opulence,
          grunt_temple_overflow_open, biasface_ghost_orc_armoury, uniq_sigmund
D:4:      minmay_razor_zed, layout_gridville, cheibriados_altar_1,
          ebering_ghost_sewer_f, serial_bayou, serial_bayou_pond_d,
          serial_bayou_shore_b, serial_bayou_pond_a, serial_bayou_shore_b,
          uniq_blork_the_orc
D:5:      layout_rooms, lemuel_doored_altar, lemuel_zombie_altar_yredelemnul,
          minmay_temple_entry_overgrown, nicolae_underground_beach
D:6:      layout_basic
D:7:      minmay_clustersquares, layout_loops_cross,
          mainiacjoe_overflow_catwalk, kennysheep_windowed_goal
D:8:      layout_loops_ring, general_overflow_altar, serial_shops,
          nicolae_diamond_shop
D:9:      layout_cave_pools, lair_entry_dummy, serial_gnoll_camp,
          gnoll_camp_mini_shop, gnoll_camp_medium_02, gnoll_camp_mini_hut,
          gnoll_camp_mini_hut
D:10:     layout_irregular_city, hellmonk_ghost_big_iron,
          minmay_gold_behind_fungi, uniq_fannar, uniq_gastronok
Temple:   hellmonk_temple_divided_pantheon

Skill      XL: |  1  2  3  4  5  6  7  8  9 10 |
---------------+-------------------------------+-----
Stealth        | 1 2 3 4 5 6 7 |  7.6
Fighting       | 2 3 4 5 6 7 |  7.5
Dodging        | 3 4 5 7 9 |  9.6
Unarmed Combat | 4 5 6 7 8 |  8.1
Shapeshifting  | 4 5 6 7 |  7.5
Evocations     | 2 3 |  3.8
Spellcasting   | 1 |  1.8
Translocations | 1 |  1.3
Air Magic      | 1 |  1.3

Action                     |  1- 3 |  4- 6 |  7- 9 | 10-12 || total
---------------------------+-------+-------+-------+-------++-------
  Melee: Unarmed           |    66 |    38 |   207 |   205 ||   516
         Constrict         |    11 |     7 |    38 |    49 ||   105
         Tentacles         |    14 |     7 |    58 |    64 ||   143
         Punch             |     2 |       |     6 |     8 ||    16
  Throw: Dart              |       |    11 |    32 |       ||    43
    Use: Scroll            |    11 |     3 |     7 |     1 ||    22
         Potion            |     1 |       |     1 |       ||     2
   Stab: Sleeping          |    10 |     2 |     9 |     4 ||    25
         Invisible         |     1 |       |     6 |       ||     7
         Distracted        |       |     1 |       |     2 ||     3
 Armour: Skin              |    21 |     9 |   104 |    85 ||   219
  Dodge: Dodged            |    34 |    19 |   134 |   124 ||   311
  Block: Other             |       |       |       |    28 ||    28
         Reflection        |       |       |       |     2 ||     2
   Form: Flux              |       |       |       |     1 ||     1

Table legend: (Time is in decaauts)
 A = Elapsed time spent in this place.
 B = Non-inter-level travel time spent in this place.
 C = Inter-level travel time spent in this place.
 D = Time resting spent in this place.
 E = Time spent auto-exploring this place.
 F = Levels seen in this place.
 G = Mean time per level.
                   A        B        C        D        E       F      G
               +--------+--------+--------+--------+--------+-----+--------+
         Total |  10399 |   9708 |    691 |   1410 |   5757 |  11 |  945.4 |
       Dungeon |  10397 |   9706 |    691 |   1410 |   5757 |  10 | 1039.7 |
        Temple |      1 |      1 |      0 |      0 |      0 |   1 |    1.0 |
               +--------+--------+--------+--------+--------+-----+--------+

Top non-repeatable levels by time:
     D:4: 1452 daAuts
     D:9: 1328 daAuts
     D:6: 1245 daAuts
     D:7: 1110 daAuts
     D:1: 1055 daAuts
     D:5: 971 daAuts
     D:3: 963 daAuts
     D:2: 922 daAuts
     D:8: 884 daAuts
    D:10: 464 daAuts
  Temple: 1 daAuts
